 Dungeon Crawl Stone Soup version 0.31-a0-152-g6aa68a64a1 (webtiles) character file.

Game seed: 13357170365426626999

103 qw the Shooter (level 4, -6/40 HPs)
             Began as a Naga Hunter on June 10, 2023.
             Mangled by a gnoll
             ... wielding a +0 club
              (9 damage)
             ... on level 2 of the Dungeon.
             The game lasted 00:00:29 (1309 turns).

qw the Shooter (Naga Hunter)                        Turns: 1309, Time: 00:00:29

Health: -6/40      AC:  3    Str: 14    XL:     4   Next: 79%
Magic:  4/4        EV:  9    Int:  9    God:
Gold:   99         SH:  0    Dex: 16    Spells: 3/3 levels left

rFire   . . .        Y - +0 shortbow
rCold   . . .        (shield currently unavailable)
rNeg    . . .        c - +0 leather armour
rPois   +            f - +0 helmet
rElec   .            (no cloak)
rCorr   .            (no gloves)
SInv    +            (no barding)
Will    .....        d - amulet of faith
Stlth   ++           (no ring)
HPRegen 0.26/turn    (no ring)
MPRegen 0.09/turn

%: faith
@: short of breath, very slow
A: AC +1, large, see invisible, deformed body, poison resistance, slowness 2,
spit poison 1, naga tail 1
a: Spit Poison


You were on level 2 of the Dungeon.
You visited 1 branch of the dungeon, and saw 2 of its levels.

You collected 99 gold pieces.


Innate Abilities, Weirdness & Mutations

Your serpentine skin is tough. (AC +1)
You have supernaturally acute eyesight. (SInv)
Armour fits poorly on your strangely shaped body.
Your system is resistant to poisons. (rPois)
You cover ground very slowly.
You can spit poison.
You have a snake-like lower body.


   Skills:
 + Level 2.9 Fighting
 - Level 5.1 Ranged Weapons
 - Level 1.5 Dodging
 - Level 1.5 Stealth


You had 3 spell levels left.
You didn't know any spells.
Your spell library was empty.

Inventory:

Hand Weapons
 Y - a +0 shortbow (weapon)
Armour
 c - a +0 leather armour (worn)
 f - a +0 helmet (worn)
Jewellery
 b - a ring of positive energy
 d - an amulet of faith (around neck)
Scrolls
 a - a scroll of immolation {unknown}
 j - 2 scrolls of teleportation {unknown}
 k - a scroll of identify
Potions
 e - 3 potions of haste
 g - a potion of ambrosia {unknown}
 h - 2 potions of curing {unknown}
 i - a potion of brilliance {unknown}

Dungeon Overview and Level Annotations

Branches:
Dungeon (2/15)

Altars:


Message History

The arrow hits the gnoll but does no damage.
You have got your breath back.
The gnoll barely misses you.
The gnoll hits you from afar with a +0 spear.
1303 ||| INVOKING Spit Poison.
Aiming: Spit Poison (1% risk of failure)
Press: ? - help, Shift-Dir - straight line, f/p - gnoll The splash of poison hits the gnoll.
The gnoll is heavily wounded.
The gnoll barely misses you.
The gnoll hits you from afar with a +0 spear.
You shoot an arrow.
The arrow hits the gnoll but does no damage.
The gnoll is heavily wounded.
The gnoll hits you with a +0 whip. The gnoll barely misses you.
You shoot an arrow. The arrow hits the gnoll!
You kill the gnoll!
The gnoll hits you from afar with a +0 spear.
You shoot an arrow. The arrow hits the gnoll.
The gnoll is lightly wounded.
The gnoll hits you from afar with a +0 spear!
The gnoll closely misses you. The gnoll hits you with a +0 club.
The gnoll hits you from afar with a +0 spear.
The gnoll barely misses you. The gnoll hits you with a +0 club.
You shoot an arrow. The arrow hits the gnoll.
The gnoll is moderately wounded.
The gnoll barely misses you. The gnoll misses you.
The gnoll hits you from afar with a +0 spear.
You shoot an arrow. The arrow hits the gnoll.
The gnoll is moderately wounded.
You have got your breath back.
The gnoll hits you from afar with a +0 spear.
The gnoll hits you with a +0 club. The gnoll barely misses you.
1309 ||| INVOKING Spit Poison.
Aiming: Spit Poison (1% risk of failure)
Press: ? - help, Shift-Dir - straight line, f/p - gnoll The splash of poison hits the gnoll!
The gnoll is poisoned.
The gnoll is almost dead.
The gnoll hits you but does no damage. The gnoll hits you with a +0 club!
You die...

...........# ##.#
...........# ###.###
..........## #.....#
..#......## #.....#
###.#...## ##.....#
# #.....## ##......#
#.#.#..###.......#
#.#)#......#..%..#
###.....#.######@###
.....##.#.# #g#
..........#


gg. .......#.... ..... .......#.##......... .......#.# ........# .........#
#........# ........## #..).....# ........# You could see 3 gnolls.

Vanquished Creatures
  Jessica (D:2)
  4 adders (D:2)
  A gnoll (D:2)
  2 ball pythons (D:1)
  3 endoplasms
  3 giant cockroaches (D:1)
  4 goblins
  2 hobgoblins (D:1)
  2 quokkas
  4 bats
  4 frilled lizards
  4 kobolds (D:1)
  2 rats
36 creatures vanquished.

Notes
Turn   | Place    | Note
-------+----------+-------------------------------------------
     0 | D:1      | qw the Naga Hunter began the quest for the Orb.
     0 | D:1      | Reached XP level 1. HP: 19/19 MP: 1/1
     0 | D:1      | 0 ||| qw: Version: 0.2-a-29-g0080da8
     0 | D:1      | 0 ||| qw: Game counter: 3827
     0 | D:1      | 0 ||| qw: Always use a shield: true
     0 | D:1      | 0 ||| qw: God list: Okawaru
     0 | D:1      | 0 ||| qw: Allow faded altars: false
     0 | D:1      | 0 ||| qw: Do Orc after D:15 true
     0 | D:1      | 0 ||| qw: Do second Lair branch before Depths: true
     0 | D:1      | 0 ||| qw: Lair rune preference: random
     0 | D:1      | 0 ||| qw: Plans: Normal
     0 | D:1      | 0 ||| PLANNING D:1-11
    26 | D:1      | 26 ||| INVOKING Spit Poison.
    67 | D:1      | 67 ||| INVOKING Spit Poison.
    86 | D:1      | 86 ||| INVOKING Spit Poison.
    88 | D:1      | Reached skill level 4 in Ranged Weapons
    88 | D:1      | Reached XP level 2. HP: 26/26 MP: 2/2
   215 | D:1      | 215 ||| INVOKING Spit Poison.
   219 | D:1      | 219 ||| INVOKING Spit Poison.
   302 | D:1      | 302 ||| INVOKING Spit Poison.
   311 | D:1      | 311 ||| INVOKING Spit Poison.
   315 | D:1      | 315 ||| INVOKING Spit Poison.
   320 | D:1      | 320 ||| INVOKING Spit Poison.
   324 | D:1      | HP: 6/26 [hobgoblin (4)]
   601 | D:1      | 601 ||| INVOKING Spit Poison.
   602 | D:1      | 602 ||| INVOKING Spit Poison.
   605 | D:1      | Found a faded altar of an unknown god.
   625 | D:1      | 625 ||| INVOKING Spit Poison.
   633 | D:1      | 633 ||| INVOKING Spit Poison.
   689 | D:1      | 689 ||| INVOKING Spit Poison.
   900 | D:1      | Reached XP level 3. HP: 32/32 MP: 3/3
   930 | D:1      | 930 ||| UPGRADING to +0 helmet.
   935 | D:1      | 935 ||| UPGRADING to amulet of faith.
   940 | D:1      | 940 ||| READING scroll labelled NAEFIRH LANA.
   941 | D:1      | 941 ||| DRINKING 3 murky blue potions.
   942 | D:1      | 942 ||| DROPPING scroll of butterflies.
   997 | D:2      | 997 ||| INVOKING Spit Poison.
  1004 | D:2      | 1004 ||| INVOKING Spit Poison.
  1068 | D:2      | 1068 ||| INVOKING Spit Poison.
  1075 | D:2      | 1075 ||| INVOKING Spit Poison.
  1095 | D:2      | 1095 ||| INVOKING Spit Poison.
  1099 | D:2      | Reached skill level 5 in Ranged Weapons
  1099 | D:2      | Reached XP level 4. HP: 39/39 MP: 4/4
  1185 | D:2      | 1185 ||| INVOKING Spit Poison.
  1191 | D:2      | 1191 ||| INVOKING Spit Poison.
  1230 | D:2      | Noticed Jessica
  1232 | D:2      | 1232 ||| INVOKING Spit Poison.
  1233 | D:2      | Killed Jessica
  1289 | D:2      | 1289 ||| INVOKING Spit Poison.
  1299 | D:2      | 1299 ||| INVOKING Spit Poison.
  1303 | D:2      | 1303 ||| INVOKING Spit Poison.
  1307 | D:2      | HP: 5/40 [gnoll/+0 spear (6)]
  1309 | D:2      | 1309 ||| INVOKING Spit Poison.
  1309 | D:2      | Mangled by a gnoll

Levels and vault maps discovered:
D:1:      amcnicky_arrival_wind_blow, layout_basic,
          ebering_ecumenical_altar_abandoned, supply_closet_lemuel
D:2:      layout_rooms, corner_web_ring, nicolae_figureground_sparkle,
          uniq_jessica

Skill      XL: |  1  2  3 |
---------------+----------+-----
Ranged Weapons | 4 5 |  5.1
Fighting       | |  2.9
Dodging        | |  1.5
Stealth        | |  1.5

Action                     |  1- 3 |  4- 6 || total
---------------------------+-------+-------++-------
   Fire: Shortbow          |    54 |    20 ||    74
Ability: Spit Poison       |    18 |     7 ||    25
    Use: Scroll            |     1 |       ||     1
         Potion            |     1 |       ||     1
 Armour: Leather armour    |     3 |     2 ||     5
  Dodge: Dodged            |     8 |     9 ||    17

Table legend:
 A = Non-vault XP
 B = Vault XP
 C = Vault XP percentage of total XP
 D = Non-vault monster count
 E = Vault monster count
 F = Vault count percentage of total count
                 A         B        C        D         E       F
            +---------+---------+-------+---------+---------+-------
      Total |     111 |      37 |  25.0 |      35 |       1 |   2.8
            +---------+---------+-------+---------+---------+-------
        D:1 |      34 |       0 |   0.0 |      22 |       0 |   0.0
        D:2 |      77 |      37 |  32.5 |      13 |       1 |   7.1
            +---------+---------+-------+---------+---------+-------
